 Dungeon Crawl Stone Soup version 0.19-a0-1254-gb9c29c0 (webtiles) character file.

5399 4thArraOfDagon the Grappler (level 10, -8/88 HPs)
             Began as a Troll Fighter on Aug 27, 2016.
             Was a Follower of Ashenzari.
             Killed from afar by a crystal guardian (45 damage)
             ... with a crystal bolt
             ... on level 11 of the Dungeon.
             The game lasted 00:17:09 (3396 turns).

4thArraOfDagon the Grappler (Troll Fighter)         Turns: 3396, Time: 00:17:10

Health: -8/88      AC:  9    Str: 26    XL:     10   Next: 40%
Magic:  13/13      EV:  9    Int: 11    God:    Ashenzari [*.....]
Gold:   25         SH: 10    Dex:  9    Spells: 1 memorised, 8 levels left

rFire  + . .     SeeInvis .       - Unarmed
rCold  . . .     Gourm    +     x - +0 steam dragon armour
rNeg   . . .     Faith    .     b - +0 shield (curse)
rPois  .         Spirit   .     (helmet restricted)
rElec  .         Dismiss  .     s - +0 cloak
rCorr  +         Reflect  .     (gloves unavailable)
MR     .....     Harm     .     (boots unavailable)
Stlth  +......... Rnd*Rage +    (no amulet)
                                r - ring of protection from fire
                                q - ring "Cough" {rCorr MR- Int+4} (curse)

@: about to teleport
A: unfitting armour, claws 3, berserk 1, deterioration 1, fast metabolism 3,
gourmand, regeneration 1, shaggy fur 1, tough skin 2
a: Curse Item, Scrying, Renounce Religion


You were on level 11 of the Dungeon.
You worshipped Ashenzari.
Ashenzari was aware of your devotion.
You were very full.

You visited 1 branch of the dungeon, and saw 11 of its levels.

You collected 460 gold pieces.
You spent 435 gold pieces at shops.

Inventory:

Armour
 a - a +0 robe
 b - a cursed +0 shield (worn)
 s - a +0 cloak (worn)
 x - a +0 steam dragon armour (worn)
 y - a +2 robe of magic resistance
Magical Staves
 l - an uncursed staff of earth
Jewellery
 f - an uncursed ring of fire
 q - the cursed ring "Cough" (left claw) {rCorr MR- Int+4}
   (You acquired it on level 9 of the Dungeon)

   [ring of resist corrosion]

   It affects your intelligence (+4).
   It affects your resistance to hostile enchantments.
   It has a curse placed upon it.
 r - a ring of protection from fire (right claw)
Wands
 g - a wand of iceblast (0/15)
 A - a wand of paralysis (3/24)
Scrolls
 e - 5 scrolls of remove curse
 t - a scroll of magic mapping
 u - 3 scrolls of teleportation
 z - 2 scrolls of enchant armour
Potions
 c - 2 potions of might
 i - 2 potions of degeneration {unknown}
 j - 2 potions of brilliance
 k - a potion of lignification {unknown}
 m - a potion of resistance
 n - 5 potions of flight
 o - a potion of cure mutation
 v - a potion of heal wounds
 w - a potion of curing
Books
 h - a book of Transfigurations

   Spells                             Type                      Level
   a - Irradiate                      Conjuration/Transmutation    5
   b - Statue Form                    Transmutation/Earth          6
   c - Hydra Form                     Transmutation                6
   d - Dragon Form                    Transmutation                7
Comestibles
 d - 6 bread rations
 p - 2 meat rations


   Skills:
 - Level 2.4 Fighting
 - Level 2.4 Dodging
 + Level 7.0 Shields
 * Level 11.0 Unarmed Combat
 + Level 2.8 Spellcasting
 * Level 3.2 Transmutations
 * Level 3.6 Earth Magic


You had 8 spell levels left.
You knew the following spells:

 Your Spells              Type           Power        Failure   Level  Hunger
a - Statue Form           Tmut/Erth      #........    100%        6    #######


Dungeon Overview and Level Annotations

Branches:
Dungeon (11/15)            Temple (0/1) D:6
   Lair: D:8-11         Orc: D:9-12

Altars:
Ashenzari
Gozag
Sif Muna
Xom

Shops:
D:5 (   D:8 ?   D:10 !


Innate Abilities, Weirdness & Mutations

You are too large for most types of armour.
You have claws for hands.
Your metabolism is lightning-fast.
You like to eat raw meat.
Your natural rate of healing is unusually fast.
You are covered in fur. (AC +1)
You have very tough skin. (AC +2)
You tend to lose your temper in combat.
Your body sometimes deteriorates upon taking damage.


Message History

The two-headed ogre hits you! You block the two-headed ogre's attack.
Unknown command.
You claw the two-headed ogre!
You kill the two-headed ogre!
The two-headed ogre's shape twists and changes as it dies.
Your Shields skill increases to level 7!
Your Unarmed Combat skill increases to level 11!
A crystal guardian comes into view.
Unknown command.
Unknown command.
Unknown command.
As you read the scroll of teleportation, it crumbles to dust.
You feel strangely unstable.
The crystal guardian fires a crystalline bolt at you.
The crystal bolt burns you! You resist.
Unknown command.
The crystal guardian fires a crystalline bolt at you.
The crystal bolt freezes you! x2
Ouch! That really hurt!
You die...

## # .# ####
.# .#
#..†### #.#
.## ##†.#...
...#
#8###.#.###
.#..
##.@.......
.# #
#..##.....
.# ##.# ###
.# #.# .#
###. #.# .#
#.... #.# .#
#.#.# #.# .#
#.#.######.#
.#
#.#.....##.#


You could see a crystal guardian.

Vanquished Creatures
  Psyche (D:11)
  2 trolls
  A two-headed ogre (shapeshifter) (D:11)
  2 two-headed ogres (D:8)
  A steam dragon (D:9)
  2 wyverns
  A hippogriff (D:8)
  A hungry ghost (D:8)
  A vampire mosquito (D:11)
  A sky beast (D:7)
  2 ice beasts
  2 black bears
  A phantom (D:6)
  3 orc warriors
  5 ogres
  2 centaurs
  A gnoll sergeant (D:5)
  3 giant frogs
  4 scorpions
  3 killer bees
  2 howler monkeys (D:4)
  7 crimson imps
  4 hounds
  2 jellies
  A quasit (D:9)
  8 orc wizards
  4 orc priests
  6 worker ants
  A hound zombie (D:9)
  4 adders
  12 gnolls
  A shadow imp (D:6)
  An ooze (D:4)
  4 giant geckos
  27 orcs
  A ball python (D:4)
  2 giant cockroaches (D:6)
  A goblin (D:3)
  A jackal (D:3)
  3 quokkas
  2 bats
  A giant gecko zombie (D:9)
  2 giant newts
  2 kobolds
138 creatures vanquished.

Vanquished Creatures (others)
  3 fungi (D:4)
3 creatures vanquished.

Grand Total: 141 creatures vanquished

Notes
Turn   | Place    | Note
-------+----------+-------------------------------------------
     0 | D:1      | 4thArraOfDagon the Troll Fighter began the quest for the Orb.
     0 | D:1      | Reached XP level 1. HP: 22/22 MP: 0/0
   232 | D:3      | Found an opulent altar of Gozag.
   249 | D:4      | Noticed a howler monkey
   255 | D:4      | Reached XP level 2. HP: 23/29 MP: 1/1
   263 | D:4      | Noticed a scorpion
   266 | D:4      | Killed a howler monkey
   266 | D:4      | Reached skill level 3 in Unarmed Combat
   266 | D:4      | Reached XP level 3. HP: 22/36 MP: 2/2
   301 | D:4      | Reached XP level 4. HP: 35/44 MP: 3/3
   311 | D:4      | Reached skill level 4 in Unarmed Combat
   346 | D:4      | Reached XP level 5. HP: 50/50 MP: 4/4
   494 | D:4      | Noticed an ogre
   498 | D:4      | Killed an ogre
   498 | D:4      | Reached skill level 5 in Unarmed Combat
   498 | D:4      | Reached skill level 1 in Spellcasting
   498 | D:4      | Reached XP level 6. HP: 59/59 MP: 6/6
   506 | D:4      | Learned a level 6 spell: Statue Form
   601 | D:5      | Entered Level 5 of the Dungeon
   619 | D:5      | Found a shimmering altar of Xom.
   656 | D:5      | Reached skill level 6 in Unarmed Combat
   656 | D:5      | Reached XP level 7. HP: 65/66 MP: 8/8
   926 | D:5      | Found Vus Ukhu's Weapon Shop.
  1003 | D:5      | Reached skill level 7 in Unarmed Combat
  1003 | D:5      | Reached XP level 8. HP: 39/74 MP: 10/10
  1268 | D:6      | Found a shattered altar of Ashenzari.
  1275 | D:6      | Became a worshipper of Ashenzari the Shackled
  1294 | D:6      | Reached skill level 5 in Shields
  1428 | D:6      | Reached skill level 8 in Unarmed Combat
  1441 | D:6      | Found a staircase to the Ecumenical Temple.
  1490 | D:6      | timbw: trolling again I see
  1581 | D:7      | timbw: ash isnt nearly as degenerate as vehumet archer but
  1584 | D:7      | timbw: still
  1602 | D:7      | timbw: troll is troll
  1605 | D:7      | 4thArraOfDagon: yea
  1605 | D:7      | 4thArraOfDagon: when i die to much
  1605 | D:7      | 4thArraOfDagon: i just go troll
  1608 | D:7      | 4thArraOfDagon: to die even more :D
  1840 | D:7      | Reached skill level 9 in Unarmed Combat
  1935 | D:8      | Reached XP level 9. HP: 62/80 MP: 11/11
  2079 | D:8      | Found Efyfido's Magic Scroll Shoppe.
  2088 | D:8      | Bought a scroll of magic mapping for 56 gold pieces
  2088 | D:8      | Bought a scroll of remove curse for 48 gold pieces
  2088 | D:8      | Bought a scroll of teleportation for 48 gold pieces
  2088 | D:8      | Bought a scroll of teleportation for 48 gold pieces
  2088 | D:8      | Bought a scroll of teleportation for 48 gold pieces
  2088 | D:8      | Bought a scroll of remove curse for 48 gold pieces
  2088 | D:8      | Bought a scroll of teleportation for 48 gold pieces
  2102 | D:8      | Found a deep blue altar of Sif Muna.
  2179 | D:8      | Reached skill level 10 in Unarmed Combat
  2348 | D:9      | Reached skill level 1 in Earth Magic
  2388 | D:9      | Reached * piety under Ashenzari
  2556 | D:9      | Reached skill level 1 in Transmutations
  2764 | D:9      | Identified a scroll of acquirement
  2764 | D:9      | 4thArraOfDagon: hmmmm
  2764 | D:9      | 4thArraOfDagon: !rng jew armo
  2764 | D:9      | beem: The RNG chooses: jew.
  2764 | D:9      | Identified the cursed ring "Cough" {rCorr MR- Int+4} (You acquired it on level 9 of the Dungeon)
  2768 | D:10     | Entered Level 10 of the Dungeon
  2900 | D:10     | Found Ducac's Distillery.
  2900 | D:10     | Noticed a troll
  2909 | D:10     | Killed a troll
  2909 | D:10     | Reached XP level 10. HP: 88/88 MP: 12/12
  2938 | D:10     | Bought a potion of might for 56 gold pieces
  2938 | D:10     | Bought a potion of mutation for 35 gold pieces
  2938 | D:10     | Gained mutation: Your body sometimes deteriorates upon taking damage. [potion of mutation]
  2938 | D:10     | Gained mutation: You tend to lose your temper in combat. [potion of mutation]
  3262 | D:11     | Noticed Psyche
  3278 | D:11     | Killed Psyche
  3392 | D:11     | Reached skill level 11 in Unarmed Combat
  3393 | D:11     | Noticed a crystal guardian
  3396 | D:11     | Killed from afar by a crystal guardian

Vault maps used:
D:1:      lemuel_arrival_rhombus, serial_bayou_lake_a
D:2:      lemuel_crystal_altar, okawaru_gym_becter, overflow_temple_1_default,
          nicolae_dithmenos_through_a_glass_darkly, grunt_decor_mini_mirrors,
          uniq_jessica
D:3:      kennysheep_goblin_castle, lemuel_doored_altar, grunt_gozag_statues,
          portal_sewer_entry_e, minivault_19
D:4:      serial_aquarium, aquarium_bridge_square, aquarium_window_1,
          aquarium_window_corridor_2, aquarium_window_corner, aquarium_view_2c,
          aquarium_view_2f
D:5:      lemuel_round_altar, first_bread, serial_shops, kennysheep_little_box
D:6:      evilmike_ruin_ashenzari
D:7:      overflow_temple_1_default
D:8:      nicolae_overflow_crystal_walls, serial_shops, shop_fountains
D:10:     kennysheep_windowed_goal, uniq_snorg
D:11:     minmay_chopped_fan, orc_0_dummy, uniq_sonja, uniq_psyche

Skill      XL: |  1  2  3  4  5  6  7  8  9 10 |
---------------+-------------------------------+-----
Shields        | 3 4 6 7 |  7.0
Unarmed Combat | 3 4 5 6 7 9 10 11 | 11.0
Spellcasting   | 1 2 |  2.8
Earth Magic    | 2 3 |  3.6
Transmutations | 2 3 |  3.2
Fighting       | |  2.4
Dodging        | |  2.4

Action                   |  1- 3 |  4- 6 |  7- 9 | 10-12 || total
-------------------------+-------+-------+-------+-------++-------
Melee: Unarmed           |    47 |    50 |   377 |    62 ||   536
Invok: Curse Item        |       |       |     1 |       ||     1
Evoke: Wand              |       |       |     3 |     3 ||     6
  Use: Scroll            |       |     4 |     9 |     5 ||    18
       Potion            |       |       |       |     1 ||     1
 Stab: Paralysed         |       |       |     2 |     2 ||     4
  Eat: Chunk             |     2 |     7 |    30 |     3 ||    42
Armor: Robe              |    12 |     8 |    65 |       ||    85
       Steam dragon armo |       |       |       |    12 ||    12
Dodge: Dodged            |    19 |    11 |   105 |    13 ||   148
Block: Shield            |    19 |    16 |   112 |    36 ||   183
